 Dungeon Crawl Stone Soup version 0.31-a0-1178-gc5c9b8f871 (webtiles) character file.

Game seed: 2463991017741856737

950 BubbleThief the Grave Robber (level 7, 0/54 HPs)
             Began as a Demonspawn Necromancer on Dec 12, 2023.
             Slain by an ufetubus (2 damage)
             ... on level 5 of the Dungeon.
             The game lasted 00:10:10 (4069 turns).

BubbleThief the Grave Robber (DsNe)                 Turns: 4069, Time: 00:10:10

Health: 0/54       AC:  2    Str:  7 (8)  XL:     7   Next: 90%
Magic:  8/11       EV: 12    Int: 16 (18) God:
Gold:   659        SH:  4    Dex: 12 (13) Spells: 8/12 levels left

rFire   . . .        w - +4 dagger
rCold   . . .        (no shield)
rNeg    . . .        a - +0 robe
rPois   .            (helmet restricted)
rElec   .            (no cloak)
rCorr   .            (no gloves)
SInv    .            (no boots)
Will    .....        (no amulet)
Stlth   +++          (no ring)
HPRegen 0.29/turn    (no ring)
MPRegen 0.12/turn

%: no passive effects
@: no status effects
A: horns 2, large bone plates 1, powered by death 1, demonic magic 2
a: no special abilities


You were on level 5 of the Dungeon.
You visited 1 branch of the dungeon, and saw 5 of its levels.

You collected 659 gold pieces.

Inventory:

Hand Weapons
 w - a +4 dagger (weapon)
Armour
 a - a +0 robe (worn)
Scrolls
 d - 2 scrolls of fear {unknown}
 f - 2 scrolls of revelation {unknown}
 g - 5 scrolls of identify {unknown}
 h - a scroll of blinking {unknown}
 j - 2 scrolls of immolation {unknown}
 k - a scroll of silence {unknown}
 n - 2 scrolls of amnesia {unknown}
 o - a scroll of noise {unknown}
 p - a scroll of poison {unknown}
 q - a scroll of brand weapon {unknown}
 r - a scroll of enchant armour {unknown}
 v - a scroll of enchant weapon {unknown}
Potions
 b - a potion of magic
 c - 2 potions of curing {unknown}
 i - a potion of brilliance {unknown}
 l - a potion of degeneration
 m - 2 potions of might {unknown}
 s - a potion of haste {unknown}
 t - 3 potions of heal wounds {unknown}
 u - a potion of mutation {unknown}


   Skills:
 + Level 4.1 Fighting
 + Level 3.7 Short Blades
 - Level 1.7 Dodging
 + Level 4.5 Stealth
 - Level 3.2 Spellcasting
 - Level 6.3 Necromancy


You had 8 spell levels left.
You knew the following spells:

 Your Spells              Type           Power      Damage    Failure   Level
a - Necrotise             Necr           92%        1d8       1%          1
b - Vampiric Draining     Necr           23%        2d7       4%          3

Your spell library contained the following spells:

 Spells                   Type           Power      Damage    Failure   Level
 Animate Dead             Necr           23%        N/A       13%         4
 Agony                    Necr           23%        N/A       36%         5
 Stone Arrow              Conj/Erth      4%         3d7       50%         3
 Animate Armour           Summ/Erth      4%         N/A       88%         4
 Lehudib's Crystal Spear  Conj/Erth      1%         10d2      100%        8


Dungeon Overview and Level Annotations

Branches:
Dungeon (5/15)             Temple (0/1) D:4

Altars:
Ashenzari
Gozag
Makhleb
Qazlal
Ru
Uskayaw
Wu Jian
Xom
Yredelemnul

Shops:
D:1 (   D:2 (

Annotations:
D:4 exclusion: oklob sapling


Innate Abilities, Weirdness & Mutations

You have a pair of horns on your head.
You are partially covered in large bone plates. (SH +4)
You regenerate a little health from kills.
Spells you cast may paralyse nearby enemies.


Message History

The ufetubus hits you but does no damage.
The ufetubus hits you. x2
* * * LOW HITPOINT WARNING * * *
You miss the ufetubus.
The ufetubus is heavily wounded.
The ufetubus closely misses you. The ufetubus hits you.
* * * LOW HITPOINT WARNING * * *
The ufetubus completely misses you. x2
Aiming: Necrotise (safe; 1% risk of failure)
Press: ? - help, Q - select action, (/) - cycle Shift-Dir - straight line, f - iguana
Aim: an iguana (chance to affect: 88%)
The iguana writhes in agony!
Malevolent energies surge around you.
The iguana suddenly stops moving!
The ufetubus hits you.
* * * LOW HITPOINT WARNING * * *
You block the ufetubus's attack. The ufetubus hits you.
* * * LOW HITPOINT WARNING * * *
The ufetubus barely misses you. The ufetubus closely misses you.
The ufetubus hits you.
* * * LOW HITPOINT WARNING * * *
The ufetubus barely misses you.
The ufetubus hits you but does no damage.
Aiming: Necrotise (safe; 1% risk of failure)
Press: ? - help, Q - select action, (/) - cycle Shift-Dir - straight line, f/p - iguana
Aim: an iguana (heavily wounded, paralysed, chance to affect: 88%)
The iguana writhes in agony.
Malevolent energies surge around you. You block the ufetubus's attack.
The ufetubus hits you but does no damage.
An ogre comes into view. It is wielding a +0 giant spiked club.
The ufetubus hits you.
* * * LOW HITPOINT WARNING * * *
The ufetubus hits you.
* * * LOW HITPOINT WARNING * * *
Unknown command.
It was a potion of degeneration.
There was something very wrong with that liquid.
You feel weakened.
You feel dopey.
You feel clumsy. The ufetubus barely misses you.
The ufetubus closely misses you. The ufetubus hits you.
You die...

...# #.#...##..........
.....##.#...#.......####
........#...#.......+...
...........#.......####
.........†..........'..#
O.##......>.........##.#
...'..l...##........##.#
.###....5###........##.#
.......@.# #........##.#
#######5## #.#.#######.#
..# #.# #.#.#######.# ..#
#.# #.#.........# #.# #.#
#.#..######## #.# #.#
#.#..# #.# #.# #.#..#
#######.# #.# #.#..##
.....##.########.####.##..#


You could see an ogre, an iguana (paralysed) and 2 ufetubi.

Vanquished Creatures
  A water moccasin (D:4)
  A black bear (D:4)
  2 ogres (D:4)
  A scorpion (D:3)
  4 hounds
  An orc priest (D:4)
  A jelly (D:4)
  An iguana (D:4)
  7 adders
  A white imp (D:5)
  3 worms
  8 dart slugs
  An orc (D:4)
  8 ball pythons
  6 bats
  9 endoplasms
  3 giant cockroaches
  7 hobgoblins
  2 jackals (D:2)
  8 kobolds
  4 quokkas
  3 frilled lizards (D:1)
  8 goblins
  8 rats
  A spectral hobgoblin (D:1)
99 creatures vanquished.

Vanquished Creatures (collateral kills)
  Sigmund (D:3)
  A goblin (D:4)
  A kobold (D:2)
3 creatures vanquished.

Grand Total: 102 creatures vanquished

Notes
Turn   | Place    | Note
-------+----------+-------------------------------------------
     0 | D:1      | BubbleThief the Demonspawn Necromancer began the quest for
                  | the Orb.
     0 | D:1      | Reached XP level 1. HP: 13/13 MP: 3/3
    45 | D:1      | Found Omigoepn's Weapon Emporium.
   331 | D:1      | Gained mutation: You have a pair of small horns on your
                  | head. [demonic ancestry]
   331 | D:1      | Reached XP level 2. HP: 19/19 MP: 1/5
   710 | D:1      | Found a faded altar of an unknown god.
   913 | D:1      | Reached skill level 5 in Necromancy
  1080 | D:1      | Gained mutation: Spells you cast may paralyse adjacent
                  | enemies. [demonic ancestry]
  1080 | D:1      | Reached XP level 3. HP: 24/24 MP: 2/6
  1547 | D:2      | Found Aciguisi's Weapon Shoppe.
  1887 | D:2      | Gained mutation: You are partially covered in large bone
                  | plates. (SH +4) [demonic ancestry]
  1887 | D:2      | Reached XP level 4. HP: 31/31 MP: 3/7
  2230 | D:3      | Learned a level 3 spell: Vampiric Draining
  2238 | D:3      | Reached skill level 1 in Fighting
  2326 | D:3      | Reached skill level 1 in Short Blades
  2337 | D:3      | Noticed Sigmund
  2352 | D:3      | Killed Sigmund
  2353 | D:3      | Reached skill level 6 in Necromancy
  2353 | D:3      | Gained mutation: Spells you cast may paralyse nearby
                  | enemies. [demonic ancestry]
  2353 | D:3      | Reached XP level 5. HP: 12/38 MP: 0/9
  2571 | D:3      | Gained mutation: You regenerate a little health from kills.
                  | [demonic ancestry]
  2571 | D:3      | Reached XP level 6. HP: 44/44 MP: 8/10
  2899 | D:4      | Found a burning altar of Makhleb.
  2990 | D:4      | Noticed a water moccasin
  2997 | D:4      | Killed a water moccasin
  3173 | D:4      | Gained mutation: You have a pair of horns on your head.
                  | [demonic ancestry]
  3173 | D:4      | Reached XP level 7. HP: 45/51 MP: 8/11
  3207 | D:4      | Found a staircase to the Ecumenical Temple.
  3814 | D:5      | Entered Level 5 of the Dungeon
  3824 | D:5      | Found a stormy altar of Qazlal.
  3826 | D:5      | Found a hide-covered altar of Uskayaw.
  3827 | D:5      | Found a basalt altar of Yredelemnul.
  3827 | D:5      | Found a sacrificial altar of Ru.
  3827 | D:5      | Found an ornate altar of the Wu Jian Council.
  3827 | D:5      | Found an opulent altar of Gozag.
  3828 | D:5      | Found a shimmering altar of Xom.
  3997 | D:5      | Found a broken altar of Ashenzari.
  4068 | D:5      | HP: 2/54 [ufetubus (3)]
  4069 | D:5      | Slain by an ufetubus

Illustrated notes

Levels and vault maps discovered:
D:1:      matt_arrival_refuge, layout_basic, serial_shops,
          nicolae_shop_tiny_glass, dreamdust_ecumenical_altar_drowned_temple,
          minmay_misc_feat_chi, nicolae_wormholes
D:2:      layout_rooms, serial_shops, shop
D:3:      layout_rooms, uniq_sigmund
D:4:      minmay_polygon_palace, layout_cave_pools, bloody_makhleb,
          minmay_temple_entry_oklob
D:5:      layout_basic, kennysheep_mini, mainiacjoe_overflow_boulevard,
          grunt_temple_overflow_open, uniq_edmund

Skill      XL: |  1  2  3  4  5  6  7 |
---------------+----------------------+-----
Necromancy     | 5 6 |  6.3
Stealth        | 2 3 4 |  4.5
Fighting       | 1 2 4 |  4.1
Short Blades   | 1 2 3 |  3.7
Spellcasting   | 3 |  3.2
Dodging        | |  1.7

Action                     |  1- 3 |  4- 6 |  7- 9 || total
---------------------------+-------+-------+-------++-------
  Melee: Unarmed           |     7 |       |       ||     7
         Dagger            |    21 |    20 |    20 ||    61
         Headbutt          |     7 |     2 |     5 ||    14
         Punch             |       |     1 |       ||     1
   Cast: Necrotise         |    81 |    53 |    41 ||   175
    Use: Potion            |       |       |     1 ||     1
   Stab: Paralysed         |     3 |     7 |     8 ||    18
         Distracted        |       |     1 |       ||     1
         Sleeping          |       |     2 |       ||     2
 Armour: Robe              |    15 |    15 |    35 ||    65
  Dodge: Dodged            |    29 |    11 |    34 ||    74
  Block: Other             |       |     4 |     9 ||    13

Table legend: (Time is in decaauts)
 A = Elapsed time spent in this place.
 B = Non-inter-level travel time spent in this place.
 C = Inter-level travel time spent in this place.
 D = Time resting spent in this place.
 E = Time spent auto-exploring this place.
 F = Levels seen in this place.
 G = Mean time per level.
                   A        B        C        D        E       F      G
               +--------+--------+--------+--------+--------+-----+--------+
         Total |   4068 |   4005 |     63 |      0 |   3282 |   5 |  813.6 |
       Dungeon |   4068 |   4005 |     63 |      0 |   3282 |   5 |  813.6 |
               +--------+--------+--------+--------+--------+-----+--------+

Top non-repeatable levels by time:
     D:1: 1467 daAuts
     D:4: 964 daAuts
     D:2: 712 daAuts
     D:3: 672 daAuts
     D:5: 252 daAuts
